 Dungeon Crawl Stone Soup version 0.31.0-9-g3a7656b989 (webtiles) character file.

Game seed: 1424089051647963829

579 qw the Shooter (level 7, 0/35 HPs)
             Began as a Spriggan Hunter on Feb 2, 2024.
             Slain by a two-headed ogre
             ... wielding a +0 giant club
              (4 damage)
             ... on level 4 of the Dungeon.
             The game lasted 00:00:14 (2597 turns).

qw the Shooter (Spriggan Hunter)                    Turns: 2597, Time: 00:00:15

Health: 0/35       AC:  5    Str:  7    XL:     7   Next: 13%
Magic:  0/8        EV: 22    Int: 11    God:
Gold:   147        SH:  0    Dex: 20    Spells: 6/6 levels left

rFire   . . .        a - +0 shortbow
rCold   . . .        (shield currently unavailable)
rNeg    + . .        c - +0 robe
rPois   +            (helmet restricted)
rElec   .            d - +2 cloak of Pathos {+Inv rN+}
rCorr   .            (gloves unavailable)
SInv    +            (boots unavailable)
Will    +....        h - amulet of guardian spirit
Stlth   ++           b - ring of poison resistance
HPRegen 0.25/turn    (no ring)
MPRegen 0.11/turn

%: guardian spirit
@: very quick
A: very small, no large weapons, unfitting armour, see invisible, speed 3
a: Evoke Invisibility


You were on level 4 of the Dungeon.
You visited 1 branch of the dungeon, and saw 4 of its levels.

You collected 147 gold pieces.


Innate Abilities, Weirdness & Mutations

You are very small and have problems with some larger weapons.
You are too small for most types of armour.
You have supernaturally acute eyesight. (SInv)
You cover ground extremely quickly. (Speed+++)


   Skills:
 - Level 2.2 Fighting
 - Level 7.0 Ranged Weapons
 + Level 6.7 Dodging
 - Level 1.5 Stealth


You had 6 spell levels left.
You didn't know any spells.
Your spell library was empty.

Inventory:

Hand Weapons
 a - a +0 shortbow (weapon)
Armour
 c - a +0 robe (worn)
 d - the +2 cloak of Pathos (worn) {+Inv rN+}
   (You acquired it on level 2 of the Dungeon)

   rN+:       It protects you from negative energy.
   +Inv:      It lets you turn invisible.
Jewellery
 b - a ring of poison resistance (left hand)
 h - an amulet of guardian spirit (around neck)
Wands
 k - a wand of mindburst (4) (quivered)
 m - a wand of charming (14)
Scrolls
 i - a scroll of poison {unknown}
Potions
 e - a potion of mutation {unknown}
 f - a potion of haste {unknown}
 g - a potion of curing {unknown}
 j - a potion of heal wounds {unknown}
 l - a potion of enlightenment {unknown}

Dungeon Overview and Level Annotations

Branches:
Dungeon (4/15)
 Temple: D:4-7

Altars:
Fedhas
Vehumet
Zin
The Shining One

Shops:
D:1 :   D:2 =

Annotations:
D:4 4 runed translucent doors


Message History

The orc closely misses you.
You shoot an arrow. The arrow hits the orc!
You kill the orc!
You start resting.
Magic restored.
You start resting.
HP restored.
There is an open door here.
Items here: %% )) [.
Found 4 stones.
You see here 4 stones.
A two-headed ogre comes into view.
It is wielding a +0 giant club and a +0 giant spiked club.
The two-headed ogre shouts in stereo!
2593 ||| ZAPPING wand of mindburst (9) at 1,-2 (two-headed ogre; floor).
Aiming: Mindburst
Press: ? - help, Q - select action, (/) - cycle Shift-Dir - straight line, f - two-headed ogre The two-headed ogre resists with some effort.
2594 ||| ZAPPING wand of mindburst (8) at 1,-1 (two-headed ogre; floor).
Aiming: Mindburst
Press: ? - help, Q - select action, (/) - cycle Shift-Dir - straight line, f/p - two-headed ogre The two-headed ogre resists with some effort.
The two-headed ogre hits you with a +0 giant club!
The two-headed ogre hits you with a +0 giant spiked club!!
Ouch! That really hurt!
2595 ||| ZAPPING wand of mindburst (7) at 1,-1 (two-headed ogre; floor).
Aiming: Mindburst
Press: ? - help, Q - select action, (/) - cycle Shift-Dir - straight line, f/p - two-headed ogre The two-headed ogre resists with some effort.
2596 ||| ZAPPING wand of mindburst (6) at 1,-1 (two-headed ogre; floor).
Aiming: Mindburst
Press: ? - help, Q - select action, (/) - cycle Shift-Dir - straight line, f/p - two-headed ogre The two-headed ogre's minds are blasted!
The two-headed ogre closely misses you. The two-headed ogre misses you.
2597 ||| ZAPPING wand of mindburst (5) at 1,-1 (two-headed ogre; floor).
Aiming: Mindburst
Press: ? - help, Q - select action, (/) - cycle Shift-Dir - straight line, f/p - two-headed ogre The two-headed ogre's minds are blasted!!
The two-headed ogre misses you.
The two-headed ogre hits you with a +0 giant spiked club.
You die...

##...#######.####....#
...................#.#
.#..######..######...#
.#.## #### ##..# .#.#
###.#.:# .#.#
##(#.#..# ...#
#.##.#..# ...#
##.#O#..# ..)##
#..@##%(# ...)###+#
#)###...#
..#.....######.....#.#
.......##8(}8##....#.#
.#####.#8....8#..#...#
.# #.+y....K+.######
#.+K.....+.#
#.#8....8#.#
#.##8y?8##.#


You could see a two-headed ogre.

Vanquished Creatures
  Grinder (D:3)
  3 orc priests
  3 orc wizards
  8 adders
  4 gnolls (D:3)
  2 dart slugs
  A ribbon worm (D:2)
  10 orcs
  9 ball pythons
  6 endoplasms
  4 giant cockroaches
  7 goblins
  7 hobgoblins
  14 jackals
  7 kobolds
  A quokka (D:1)
  6 bats
  A frilled lizard (D:2)
  5 rats
99 creatures vanquished.

Notes
Turn   | Place    | Note
-------+----------+-------------------------------------------
     0 | D:1      | qw the Spriggan Hunter began the quest for the Orb.
     0 | D:1      | Reached XP level 1. HP: 10/10 MP: 2/2
     0 | D:1      | 0 ||| qw: Version: 0.3-a-155-g5e7d8dd
     0 | D:1      | 0 ||| qw: Game counter: 1544
     0 | D:1      | 0 ||| qw: Melee chars always use a shield: true
     0 | D:1      | 0 ||| qw: God list: Okawaru
     0 | D:1      | 0 ||| qw: Allow faded altars: false
     0 | D:1      | 0 ||| qw: Do Orc after clearing Dungeon:15 true
     0 | D:1      | 0 ||| qw: Do second Lair branch before Depths: true
     0 | D:1      | 0 ||| qw: Lair rune preference: random
     0 | D:1      | 0 ||| qw: Goals: Normal
     0 | D:1      | 0 ||| PLANNING D:1-11
    65 | D:1      | Reached skill level 3 in Dodging
   100 | D:1      | Found a faded altar of an unknown god.
   144 | D:1      | Found Zuops's Book Shop.
   173 | D:1      | Reached XP level 2. HP: 14/14 MP: 3/3
   375 | D:1      | Reached XP level 3. HP: 18/18 MP: 4/4
   830 | D:1      | 830 ||| DROPPING +6 ring of intelligence.
   831 | D:1      | 831 ||| READING 2 scrolls labelled DEPASAGE OXOL.
   836 | D:1      | 836 ||| READING scroll labelled XYFIUNK YSYNEP.
   837 | D:1      | 837 ||| DROPPING scroll of butterflies.
   893 | D:2      | Found a glowing silver altar of Zin.
   932 | D:2      | Reached skill level 5 in Ranged Weapons
   946 | D:2      | Reached XP level 4. HP: 21/22 MP: 5/5
  1005 | D:2      | Found Wiplocw's Jewellery Shoppe.
  1016 | D:2      | 1016 ||| SHOPLISTING +6 ring of strength (360 gold, have
                  | 51).
  1016 | D:2      | 1016 ||| SHOPLISTING ring of fire (250 gold, have 51).
  1016 | D:2      | 1016 ||| SHOPLISTING ring of positive energy (200 gold,
                  | have 51).
  1016 | D:2      | 1016 ||| SHOPLISTING ring of protection from cold (250
                  | gold, have 51).
  1016 | D:2      | 1016 ||| SHOPLISTING ring of resist corrosion (200 gold,
                  | have 51).
  1016 | D:2      | 1016 ||| SHOPLISTING ring of willpower (250 gold, have 51).
  1426 | D:2      | 1426 ||| UPGRADING to amulet of guardian spirit.
  1431 | D:2      | 1431 ||| DROPPING ring of flight.
  1432 | D:2      | 1432 ||| READING scroll labelled YLUSMI TIPI.
  1432 | D:2      | Identified a scroll of acquirement
  1432 | D:2      | 1432 ||| ACQUIRING +2 cloak of Pathos {+Inv rN+}
  1432 | D:2      | Acquired the +2 cloak of Pathos {+Inv rN+}
  1434 | D:2      | 1434 ||| UPGRADING to +2 cloak of Pathos {+Inv rN+}.
  1439 | D:2      | 1439 ||| READING scroll labelled XIROHY OTYHUM.
  1439 | D:2      | 1439 ||| IDENTIFYING bubbling cyan potion
  1440 | D:2      | 1440 ||| DROPPING potion of magic.
  1508 | D:3      | Reached XP level 5. HP: 26/26 MP: 6/6
  1660 | D:3      | Found a radiant altar of Vehumet.
  1660 | D:3      | Found a glowing golden altar of the Shining One.
  1677 | D:3      | Noticed Grinder
  1680 | D:3      | Paralysed by Grinder for 4 turns
  1688 | D:3      | 1688 ||| FLEEEEING.
  1689 | D:3      | 1689 ||| FLEEEEING.
  1690 | D:3      | 1690 ||| FLEEEEING.
  1709 | D:3      | Killed Grinder
  1710 | D:3      | Reached skill level 6 in Ranged Weapons
  1710 | D:3      | Reached XP level 6. HP: 30/30 MP: 7/7
  1906 | D:3      | 1906 ||| FLEEEEING.
  1907 | D:3      | 1907 ||| FLEEEEING.
  1908 | D:3      | 1908 ||| FLEEEEING.
  1909 | D:3      | 1909 ||| FLEEEEING.
  1910 | D:3      | 1910 ||| FLEEEEING.
  1911 | D:3      | 1911 ||| FLEEEEING.
  1912 | D:3      | 1912 ||| FLEEEEING.
  1913 | D:3      | 1913 ||| FLEEEEING.
  1914 | D:3      | 1914 ||| FLEEEEING.
  1915 | D:3      | 1915 ||| FLEEEEING.
  1916 | D:3      | 1916 ||| FLEEEEING.
  1917 | D:3      | 1917 ||| FLEEEEING.
  1918 | D:3      | 1918 ||| FLEEEEING.
  1919 | D:3      | 1919 ||| FLEEEEING.
  1920 | D:3      | 1920 ||| FLEEEEING.
  1921 | D:3      | 1921 ||| FLEEEEING.
  1922 | D:3      | 1922 ||| FLEEEEING.
  1923 | D:3      | 1923 ||| FLEEEEING.
  1924 | D:3      | 1924 ||| FLEEEEING.
  1925 | D:3      | 1925 ||| FLEEEEING.
  1926 | D:3      | 1926 ||| FLEEEEING.
  1929 | D:3      | 1929 ||| FLEEEEING.
  1930 | D:3      | 1930 ||| FLEEEEING.
  1986 | D:3      | Reached skill level 6 in Dodging
  2153 | D:3      | 2153 ||| UPGRADING to ring of poison resistance.
  2154 | D:3      | 2154 ||| READING scroll labelled MAOSEM IQIRE.
  2155 | D:3      | 2155 ||| READING scroll labelled VAFEOR YTRO.
  2155 | D:3      | 2155 ||| ENCHANTING +0 shortbow.
  2226 | D:4      | Found a large runed translucent door.
  2226 | D:4      | Found a large runed translucent door.
  2263 | D:4      | Found a large runed translucent door.
  2263 | D:4      | Found a large runed translucent door.
  2288 | D:4      | Reached skill level 7 in Ranged Weapons
  2293 | D:4      | Reached XP level 7. HP: 12/35 MP: 3/8
  2295 | D:4      | HP: 3/35 [orc priest/divine providence (10)]
  2296 | D:4      | 2296 ||| READING 2 scrolls of teleportation.
  2308 | D:4      | 2308 ||| READING scroll of teleportation.
  2498 | D:4      | Found a blossoming altar of Fedhas.
  2592 | D:4      | Noticed a two-headed ogre
  2593 | D:4      | 2593 ||| ZAPPING wand of mindburst (9) at 1,-2 (two-headed
                  | ogre; floor).
  2594 | D:4      | 2594 ||| ZAPPING wand of mindburst (8) at 1,-1 (two-headed
                  | ogre; floor).
  2594 | D:4      | HP: 3/35 [two-headed ogre/+0 giant club (20)]
  2595 | D:4      | 2595 ||| ZAPPING wand of mindburst (7) at 1,-1 (two-headed
                  | ogre; floor).
  2596 | D:4      | 2596 ||| ZAPPING wand of mindburst (6) at 1,-1 (two-headed
                  | ogre; floor).
  2597 | D:4      | 2597 ||| ZAPPING wand of mindburst (5) at 1,-1 (two-headed
                  | ogre; floor).
  2597 | D:4      | Slain by a two-headed ogre

Levels and vault maps discovered:
D:1:      mrwooster_arrival_statue, layout_basic,
          hellmonk_ecumenical_altar_prayer_group, serial_shops,
          nicolae_shop_pleasant_corner_grove
D:2:      layout_basic, basic_altar, serial_shops, nicolae_shop_tiny_waterfront,
          nicolae_figureground_pulse
D:3:      layout_rooms, mainiacjoe_overflow_large_starburst, uniq_grinder
D:4:      layout_loops_ring, lemuel_coloured_pillars_altar,
          minmay_misc_feat_alley, minmay_hollow_rounded_squares

Skill      XL: |  1  2  3  4  5  6 |
---------------+-------------------+-----
Dodging        | 3 4 5 6 |  6.7
Ranged Weapons | 5 6 7 |  7.0
Fighting       | 2 |  2.2
Stealth        | |  1.5

Action                     |  1- 3 |  4- 6 |  7- 9 || total
---------------------------+-------+-------+-------++-------
   Fire: Shortbow          |   106 |   204 |    50 ||   360
  Evoke: Wand              |       |       |     5 ||     5
    Use: Scroll            |     2 |     4 |     2 ||     8
 Armour: Robe              |     9 |    23 |     8 ||    40
  Dodge: Dodged            |    45 |   100 |    25 ||   170

Table legend:
 A = Non-vault XP
 B = Vault XP
 C = Vault XP percentage of total XP
 D = Non-vault monster count
 E = Vault monster count
 F = Vault count percentage of total count
                 A         B        C        D         E       F
            +---------+---------+-------+---------+---------+-------
      Total |     529 |     299 |  36.1 |      94 |       5 |   5.1
            +---------+---------+-------+---------+---------+-------
        D:1 |      58 |       2 |   3.3 |      31 |       1 |   3.1
        D:2 |      79 |       0 |   0.0 |      23 |       0 |   0.0
        D:3 |     241 |     290 |  54.6 |      30 |       1 |   3.2
        D:4 |     151 |       7 |   4.4 |      10 |       3 |  23.1
            +---------+---------+-------+---------+---------+-------
